 Dungeon Crawl Stone Soup version 0.20.0-15-g7f486f2 (webtiles) character file.

14707 Peloso the Carver (level 11, 0/97 HPs)
             Began as a Minotaur Fighter on July 1, 2017.
             Was a High Priest of Okawaru.
             Killed from afar by a raiju (14 damage)
             ... with a living lightning
             ... on level 2 of the Abyss.
             The game lasted 00:29:34 (11258 turns).

Peloso the Carver (Minotaur Fighter)               Turns: 11258, Time: 00:29:36

Health: 0/97       AC: 27    Str: 23      XL:     11   Next: 92%
Magic:  0/11       EV:  8    Int:  4 (5)  God:    Okawaru [*****.]
Gold:   518        SH: 13    Dex: 14      Spells: 10/10 levels left

rFire    . . .     SeeInvis +   F - +4 falchion (elec)
rCold    . . .     Gourm    .   c - +0 shield
rNeg     . . .     Faith    .   A - +9 plate armour "Bughyg" {Dex+3}
rPois    .         Spirit   +   (helmet restricted)
rElec    .         Reflect  .   u - +0 cloak
rCorr    .         Harm     .   (no gloves)
MR       .....                  s - +0 pair of boots
Stlth    ..........             y - amulet of guardian spirit
Regen    0.3/turn               j - ring of see invisible
MPRegen  0.2/turn               (no ring)

@: about to teleport
A: retaliatory headbutt, horns 2
a: Heroism, Finesse, Renounce Religion


You were on level 2 of the Abyss.
You worshipped Okawaru.
Okawaru was extremely pleased with you.
You were near starving.

You visited 2 branches of the dungeon, and saw 12 of its levels.
You visited the Abyss 1 time.

You collected 518 gold pieces.

Inventory:

Hand Weapons
 e - a +1 long sword of slicing
 F - a +4 falchion of electrocution (weapon)
 J - the +3 war axe of Intimidation {holy, +Fly Int+4}
   (You found it on level 10 of the Dungeon)

   It has been blessed by the Shining One to cause great damage to the undead
   and demons.
   It affects your intelligence (+4).
   It lets you fly.
 M - a +2 falchion of holy wrath
Armour
 c - a +0 shield (worn)
 s - a +0 pair of boots (worn)
 u - a +0 cloak (worn)
 A - the +9 plate armour "Bughyg" (worn) {Dex+3}
   (You found it on level 9 of the Dungeon)

   It affects your dexterity (+3).
 L - +0 steam dragon scales
Jewellery
 j - a ring of see invisible (left hand)
 n - an uncursed ring of see invisible
 y - an amulet of guardian spirit (around neck)
Wands
 a - a wand of digging (11/24)
 t - a wand of flame (25/48)
 D - a wand of lightning (9/15)
 E - a wand of paralysis (17/24)
 H - a wand of polymorph (9/24)
 N - a wand of polymorph (18/24)
 Q - a wand of digging (9/24)
 R - a wand of iceblast (7/15)
Scrolls
 i - a scroll of enchant weapon
 k - 2 scrolls of amnesia
 r - 5 scrolls of remove curse
 v - 3 scrolls of identify
 K - 5 scrolls of recharging
Potions
 g - 6 potions of flight
 h - 2 potions of ambrosia
 l - 4 potions of brilliance
 m - 10 potions of curing
 q - 2 potions of haste
 x - 2 potions of invisibility
 z - 2 potions of berserk rage
 C - a potion of might
 I - a potion of resistance
 O - a potion of agility {unknown}
Books
 d - a book of Minor Magic

   Spells                             Type                      Level
   a - Magic Dart                     Conjuration                  1
   b - Blink                          Translocation                2
   c - Call Imp                       Summoning                    2
   d - Slow                           Hexes                        2
   e - Conjure Flame                  Conjuration/Fire             3
   f - Mephitic Cloud                 Conjuration/Poison/Air       3
 P - a book of Maledictions

   Spells                             Type                      Level
   a - Corona                         Hexes                        1
   b - Ensorcelled Hibernation        Hexes/Ice                    2
   c - Confuse                        Hexes                        3
   d - Tukima's Dance                 Hexes                        3
   e - Dazzling Spray                 Conjuration/Hexes            3
Comestibles
 f - 5 bread rations
 o - 16 royal jellies
 w - a fruit
 B - 3 meat rations


   Skills:
 + Level 9.1 Fighting
 + Level 13.1 Long Blades
 + Level 11.1 Armour
 + Level 1.8 Dodging
 + Level 0.5 Stealth
 + Level 13.1 Shields
 + Level 2.0 Invocations


You had 10 spell levels left.
You didn't know any spells.

Dungeon Overview and Level Annotations

Branches:
Dungeon (11/15)            Temple (1/1) D:5            Lair (0/6) D:10
    Orc (0/2) D:9

Altars:
Ashenzari
Cheibriados
Elyvilon
Hepliaklqana
Kikubaaqudgha
Makhleb
Nemelex Xobeh
Okawaru
Ru
Sif Muna
Trog
Uskayaw
Vehumet
Xom
Yredelemnul
Zin

Shops:
D:5 =   D:9 *

Annotations:
D:11 Sonja


Innate Abilities, Weirdness & Mutations

You reflexively headbutt those who attack you in melee.
You have a pair of horns on your head.


Message History

* * * LOW HITPOINT WARNING * * *
The raiju blinks!
You feel much better.
The raiju bursts into living lightning!
The living lightning hits you!
* * * LOW HITPOINT WARNING * * *
The raiju blinks!
The raiju bursts into living lightning!
The living lightning hits you!
The living lightning hits the raiju.
The raiju completely resists.
The raiju blinks!
The raiju bites you but does no damage.
Unknown command.
The raiju looks sick.
You block the raiju's attack.
The raiju bursts into living lightning!
The living lightning hits you!
* * * LOW HITPOINT WARNING * * *
The raiju blinks!
The raiju bursts into living lightning!
The living lightning hits you!
You die...

### #......#
## ##... #
##..#.#
..####....# .
.... #.
h..#).##.. ..
. .... # .
.......# .. .
##
#§..#....##.
.. .#.#
..###h....##
.. # ## #
.#.§h.##....#
#
#.##.h......##
.# .. #
#@..#..## .#
#....#.# #
#....###
.h.#.# .##.##
.. ## .# #. ..
##


You could see 4 raiju.

Vanquished Creatures
  The ghost of Naow the Thaumaturge, a journeyman DEFE of Vehumet (D:10)
  The ghost of Peloso the Slasher, a novice MiFi of Okawaru (D:6)
  An ugly thing (D:11)
  A cyclops (D:11)
  2 centaur zombies (D:11)
  An orange demon (Abyss:2)
  A gargoyle (D:9)
  A kobold demonologist (D:11)
  A komodo dragon (D:10)
  4 trolls (D:9)
  Prince Ribbit (D:5)
  Grinder (D:3)
  2 hippogriffs (D:8)
  Sigmund (D:6)
  A tarantella (shapeshifter) (Abyss:2)
  A wraith (D:11)
  A ynoxinul (Abyss:2)
  3 yaks (D:11)
  2 golden eyes (Abyss:2)
  2 hungry ghosts
  2 steam dragons (D:11)
  2 neqoxecs (Abyss:2)
  3 wargs (D:10)
  A water moccasin (D:8)
  Duvessa (D:5)
  5 sky beasts
  A black bear (D:6)
  6 orc warriors (D:9)
  An ice beast (D:7)
  A necrophage (D:8)
  5 phantoms
  A small abomination (Abyss:2)
  6 ogres
  12 centaurs
  Blork the orc (D:5)
  2 big kobolds (D:9)
  4 gnoll sergeants
  A wyvern zombie (D:10)
  7 bullfrogs
  Dowan (D:5)
  A wyvern skeleton (D:9)
  3 scorpions
  3 killer bees (D:8)
  8 wights
  4 howler monkeys
  A lava snake (D:8)
  3 crimson imps
  A quasit (D:10)
  5 hounds
  A bullfrog skeleton (D:9)
  9 orc priests
  2 centaur skeletons (D:10)
  A gnoll shaman (D:4)
  3 jellies (D:8)
  Terence (D:3)
  Jessica (D:3)
  Natasha (twice) (D:4)
  An iguana (D:9)
  12 orc wizards
  6 worker ants
  A hound zombie (D:5)
  A hound skeleton (D:7)
  A worker ant zombie (D:11)
  Robin (D:3)
  12 gnolls
  9 adders
  2 shadow imps
  7 oozes
  2 adder skeletons
  5 worms
  3 dart slugs
  8 leopard geckos
  40 orcs
  5 giant cockroaches
  2 gnoll zombies (D:2)
  18 goblins
  13 hobgoblins
  8 jackals
  11 kobolds
  4 quokkas
  A ball python (D:4)
  4 bats
  3 frilled lizards
  A leopard gecko zombie (D:5)
  22 rats
344 creatures vanquished.

Vanquished Creatures (others)
  An orc (D:9)
1 creature vanquished.

Grand Total: 345 creatures vanquished

Notes
Turn   | Place    | Note
-------+----------+-------------------------------------------
     0 | D:1      | Peloso the Minotaur Fighter began the quest for the Orb.
     0 | D:1      | Reached XP level 1. HP: 19/19 MP: 0/0
    45 | D:1      | Reached XP level 2. HP: 18/27 MP: 1/1
   348 | D:1      | Reached XP level 3. HP: 33/33 MP: 2/2
  1031 | D:2      | Found a white marble altar of Elyvilon.
  1245 | D:2      | Reached XP level 4. HP: 36/40 MP: 3/3
  1397 | D:2      | Found a basalt altar of Yredelemnul.
  1818 | D:2      | Found a snail-covered altar of Cheibriados.
  1988 | D:3      | Noticed Jessica
  2003 | D:3      | Killed Jessica
  2406 | D:3      | Noticed Terence
  2415 | D:3      | Killed Terence
  2415 | D:3      | Reached skill level 5 in Armour
  2415 | D:3      | Reached XP level 5. HP: 46/46 MP: 4/4
  2427 | D:3      | Noticed Grinder
  2428 | D:3      | Noticed Robin
  2451 | D:3      | Killed Robin
  2472 | D:3      | Killed Grinder
  2472 | D:3      | Reached skill level 5 in Long Blades
  2472 | D:3      | Reached skill level 5 in Shields
  2472 | D:3      | Reached XP level 6. HP: 26/53 MP: 5/5
  3004 | D:4      | Reached skill level 5 in Fighting
  3018 | D:4      | Reached XP level 7. HP: 26/61 MP: 6/6
  3294 | D:4      | Reached skill level 1 in Dodging
  3360 | D:4      | Found a sparkling altar of Nemelex Xobeh.
  3459 | D:4      | Found a sacrificial altar of Ru.
  3512 | D:4      | Found an ancient bone altar of Kikubaaqudgha.
  3514 | D:4      | Found a radiant altar of Vehumet.
  3515 | D:4      | Found a snail-covered altar of Cheibriados.
  3541 | D:4      | Noticed Natasha
  3548 | D:4      | Killed Natasha
  3555 | D:4      | Found a glowing silver altar of Zin.
  3560 | D:4      | Noticed Natasha
  3578 | D:4      | Killed Natasha
  3621 | D:5      | Entered Level 5 of the Dungeon
  3635 | D:5      | Noticed Blork the orc
  3649 | D:5      | Killed Blork the orc
  3729 | D:5      | Found Juhoeff's Jewellery Boutique.
  3755 | D:5      | Found a staircase to the Ecumenical Temple.
  3768 | D:5      | Reached XP level 8. HP: 61/69 MP: 7/7
  3777 | Temple   | Entered the Ecumenical Temple
  3784 | Temple   | Became a worshipper of Warmaster Okawaru
  3890 | D:5      | Noticed Duvessa
  3893 | D:5      | Noticed Dowan
  3901 | D:5      | Killed Duvessa
  3913 | D:5      | Killed Dowan
  4318 | D:5      | Found a burning altar of Makhleb.
  4515 | D:6      | Noticed Prince Ribbit
  4535 | D:5      | Reached * piety under Okawaru
  4555 | D:5      | Killed Prince Ribbit
  4928 | D:6      | Noticed Sigmund
  4936 | D:6      | Killed Sigmund
  4936 | D:6      | Reached XP level 9. HP: 75/75 MP: 8/8
  5098 | D:6      | Reached ** piety under Okawaru
  5107 | D:6      | Reached skill level 1 in Invocations
  5280 | D:6      | Noticed Peloso's ghost (novice MiFi)
  5301 | D:6      | Killed Peloso's ghost
  5301 | D:6      | Reached skill level 10 in Long Blades
  5565 | D:7      | Found a hide-covered altar of Uskayaw.
  5673 | D:7      | Found a shimmering altar of Xom.
  6325 | D:8      | Reached *** piety under Okawaru
  6354 | D:8      | Reached skill level 10 in Shields
  6354 | D:8      | Reached XP level 10. HP: 83/84 MP: 7/9
  8008 | D:9      | Reached **** piety under Okawaru
  8198 | D:9      | Found Ynkihyh's Demolitions Depot.
  8298 | D:9      | Found a shattered altar of Ashenzari.
  8433 | D:9      | Got a fine plate armour
  8444 | D:9      | Identified the +9 plate armour "Bughyg" {Dex+3} (You found it on level 9 of the Dungeon)
  8506 | D:9      | Noticed a gargoyle
  8525 | D:9      | Killed a gargoyle
  8570 | D:9      | Found a staircase to the Orcish Mines.
  8643 | D:9      | Reached XP level 11. HP: 26/93 MP: 7/11
  8960 | D:9      | Reached skill level 10 in Armour
  9240 | D:10     | Entered Level 10 of the Dungeon
  9329 | D:10     | Reached ***** piety under Okawaru
  9394 | D:10     | Got an iridescent war axe
  9420 | D:10     | Identified the +3 war axe of Intimidation {holy, +Fly Int+4} (You found it on level 10 of the Dungeon)
  9428 | D:10     | Noticed Naow's ghost (journeyman DEFE)
  9451 | D:10     | Killed Naow's ghost
  9891 | D:10     | Found a staircase to the Lair.
 10289 | D:11     | Received a gift from Okawaru
 10659 | D:11     | Noticed a green ugly thing
 10663 | D:11     | Killed a green ugly thing
 10815 | D:11     | Noticed Sonja
 10829 | D:11     | Cast into level 2 of the Abyss (Sonja)
 10907 | Abyss:2  | Noticed a profane servitor
 10921 | Abyss:2  | Noticed a tentacled starspawn
 10922 | Abyss:2  | Found a corrupted altar of Lugonu.
 10989 | Abyss:2  | Noticed a lich
 10991 | Abyss:2  | Noticed a thrashing horror
 11004 | Abyss:2  | Found a corrupted altar of Lugonu.
 11136 | Abyss:2  | Found a corrupted altar of Lugonu.
 11167 | Abyss:2  | Found a sacrificial altar of Ru.
 11258 | Abyss:2  | Killed from afar by a raiju

Skill      XL: |  1  2  3  4  5  6  7  8  9 10 11 |
---------------+----------------------------------+-----
Armour         | 4 5 6 7 8 9 11 | 11.1
Shields        | 4 5 6 8 10 11 13 | 13.1
Fighting       | 4 5 6 7 9 |  9.1
Long Blades    | 3 5 7 9 10 11 13 | 13.1
Dodging        | 1 |  1.8
Invocations    | 1 2 |  2.0
Stealth        | |  0.5

Action                   |  1- 3 |  4- 6 |  7- 9 | 10-12 || total
-------------------------+-------+-------+-------+-------++-------
Melee: Long sword        |   130 |   165 |   371 |   185 ||   851
       Headbutt          |    13 |    26 |    79 |   126 ||   244
       Falchion          |       |       |       |   375 ||   375
Invok: Heroism           |       |       |     2 |     6 ||     8
  Use: Potion            |       |       |     2 |     5 ||     7
       Scroll            |       |       |    12 |    14 ||    26
  Eat: Chunk             |     1 |     6 |    12 |    15 ||    34
       Fruit             |       |       |       |     2 ||     2
Armor: Scale mail        |    64 |       |       |       ||    64
       Plate armour      |    11 |   114 |   206 |   328 ||   659
Dodge: Dodged            |    39 |    33 |    68 |   134 ||   274
Block: Shield            |    51 |    97 |   197 |   357 ||   702
       Rpst.: Long sword |    14 |     8 |    23 |     8 ||    53
       Falchion          |       |       |       |    15 ||    15
